 Dungeon Crawl Stone Soup version 0.28.0-43-g3370ac3207 (webtiles) character file.

Game seed: 3525437175157838564

114 RascalDebosk the Skirmisher (level 4, -4/36 HPs)
             Began as a Demonspawn Abyssal Knight on Mar 6, 2022.
             Was a Follower of Lugonu.
             Slain by Edmund
             ... wielding a +0 flail of protection
              (11 damage)
             ... on level 4 of the Dungeon.
             The game lasted 00:31:11 (3104 turns).

RascalDebosk the Skirmisher (DsAK)                  Turns: 3104, Time: 00:31:12

Health: -4/36      AC:  5    Str: 13    XL:     4   Next: 66%
Magic:  6/6        EV:  7    Int: 14    God:    Lugonu [*.....]
Gold:   52         SH: 10    Dex: 13    Spells: 3/3 levels left

rFire   . . .      SeeInvis .   a - +1 spear
rCold   . . .      Faith    .   q - +0 tower shield
rNeg    . . .      Spirit   .   b - +0 leather armour
rPois   .          Reflect  .   (no helmet)
rElec   .          Harm     .   (no cloak)
rCorr   .          Rampage  .   (no gloves)
Will    .....                   (no boots)
Stlth   +.........              (no amulet)
HPRegen 0.12/turn               f - ring of wizardry
MPRegen 0.10/turn               (no ring)

@: mighty
A: molten scales 1, powered by death 2
a: Renounce Religion, Depart the Abyss


You were on level 4 of the Dungeon.
You worshipped Lugonu.
Lugonu was aware of your devotion.
You visited 1 branch of the dungeon, and saw 4 of its levels.
You visited the Abyss 1 time.

You collected 112 gold pieces.
You spent 60 gold pieces at shops.

Inventory:

Hand Weapons
 a - a +1 spear (weapon)
Missiles
 m - 2 poisoned darts (quivered)
Armour
 b - a +0 leather armour (worn)
 q - a +0 tower shield (worn)
Jewellery
 f - a ring of wizardry (left hand)
Scrolls
 c - a scroll of vulnerability {unknown}
 k - a scroll of fog {unknown}
 l - 5 scrolls of teleportation {unknown}
 o - a scroll of brand weapon {unknown}
 p - a scroll of amnesia {unknown}
 r - a scroll of noise
Potions
 d - a potion of curing
 e - a potion of degeneration
 g - a potion of resistance
 h - a potion of brilliance {unknown}
 j - a potion of might
 n - a potion of attraction {unknown}


   Skills:
 + Level 3.6 Fighting
 + Level 2.4 Polearms
 + Level 2.5 Armour
 - Level 1.4 Dodging
 - Level 0.8 Conjurations
 + Level 3.6 Invocations


You had 3 spell levels left.
You didn't know any spells.
Your spell library contained the following spells:

 Spells                   Type           Power      Damage    Failure   Level
 Magic Dart               Conj           8%         1d3       86%         1
 Animate Skeleton         Necr           0%         N/A       92%         1
 Apportation              Tloc           0%         N/A       92%         1
 Summon Small Mammal      Summ           0%         N/A       92%         1
 Searing Ray              Conj           4%         2d4       94%         2
 Fulminant Prism          Conj/Hex       0%         3d6       100%        4


Dungeon Overview and Level Annotations

Branches:
Dungeon (4/15)
 Temple: D:4-7

Altars:
Gozag

Shops:
D:3 ?

Annotations:
D:4 Edmund


Innate Abilities, Weirdness & Mutations

You are partially covered in molten scales. (AC +2)
You regenerate health from kills.


Message History

Aim: Edmund, wielding a +0 flail of protection, wearing a +0 leather armour and carrying a wand of flame (12) (57% to hit)
You throw a poisoned dart.
The poisoned dart closely misses Edmund.
Throw: 4 darts (poison)
Press: ? - help, Q - select action, (/) - cycle Shift-Dir - straight line, f/p - Edmund
Aim: Edmund, wielding a +0 flail of protection, wearing a +0 leather armour and carrying a wand of flame (12) (57% to hit)
You throw a poisoned dart.
The poisoned dart completely misses Edmund.
Throw: 3 darts (poison)
Press: ? - help, Q - select action, (/) - cycle Shift-Dir - straight line, f/p - Edmund
Aim: Edmund, wielding a +0 flail of protection, wearing a +0 leather armour and carrying a wand of flame (12) (57% to hit)
You throw a poisoned dart. The poisoned dart hits Edmund.
Edmund is poisoned.
A goblin comes into view. It is wielding a +0 club.
You feel very mighty all of a sudden.
Edmund hits you with a +0 flail of protection.
You barely miss Edmund. You block Edmund's attack. x2
You hit Edmund but do no damage.
Edmund is lightly wounded.
You block Edmund's attack.
An adder skeleton comes into view.
You hit Edmund.
Edmund is lightly wounded.
Edmund zaps a wand.
The puff of flame hits you! You block Edmund's attack.
You barely miss Edmund.
Edmund is lightly wounded.
Edmund looks more healthy.
The goblin hits you with a +0 club.
* * * LOW HITPOINT WARNING * * *
Edmund hits you with a +0 flail of protection.
* * * LOW HITPOINT WARNING * * *
The goblin barely misses you.
You hit Edmund.
Edmund is moderately wounded.
Edmund zaps a wand.
The puff of flame misses you.
The puff of flame hits the adder skeleton.
The goblin hits you with a +0 club.
* * * LOW HITPOINT WARNING * * *
You closely miss Edmund.
Edmund is moderately wounded.
Edmund hits you with a +0 flail of protection!
You die...

### ###########..#
.............#
#...........#
#..........# #.
..#..........#...#.
......Z@@((.(.(....
.$#.....g...#(....#
#........###....#
[....#.###........#
..##.#. ###.#.....
. # #. #..†# #.##
#.#..#.# S#
#.#.##.#...#
#.#<.†.#


You could see Edmund, a goblin and an adder skeleton.

Vanquished Creatures
  7 adders
  3 dart slugs (D:1)
  2 orcs (D:3)
  11 ball pythons
  A bat (D:1)
  4 endoplasms
  A giant cockroach (D:1)
  4 goblins
  3 hobgoblins
  5 frilled lizards
  5 kobolds
  4 rats
50 creatures vanquished.

Notes
Turn   | Place    | Note
-------+----------+-------------------------------------------
     0 | Abyss:1  | RascalDebosk the Demonspawn Abyssal Knight began the quest
                  | for the Orb.
     0 | Abyss:1  | Reached XP level 1. HP: 18/18 MP: 2/2
     1 | D:1      | Escaped the Abyss
    46 | D:1      | Reached skill level 1 in Dodging
   113 | D:1      | Reached * piety under Lugonu
   235 | D:1      | Gained mutation: You are partially covered in molten
                  | scales. (AC +2) [demonic ancestry]
   235 | D:1      | Reached XP level 2. HP: 24/24 MP: 4/4
   407 | D:1      | Found a faded altar of an unknown god.
  1023 | D:2      | Gained mutation: You regenerate a little health from kills.
                  | [demonic ancestry]
  1023 | D:2      | Reached XP level 3. HP: 23/29 MP: 5/5
  1884 | D:3      | Found an opulent altar of Gozag.
  2122 | D:3      | Gained mutation: You regenerate health from kills. [demonic
                  | ancestry]
  2122 | D:3      | Reached XP level 4. HP: 34/35 MP: 6/6
  2339 | D:3      | Found Aruepn's Magic Scroll Shoppe.
  2348 | D:3      | Bought a scroll of noise for 12 gold pieces
  2348 | D:3      | Bought a scroll of identify for 24 gold pieces
  2348 | D:3      | Bought a scroll of identify for 24 gold pieces
  3091 | D:4      | Noticed Edmund
  3104 | D:4      | Slain by Edmund

Illustrated notes

Levels and vault maps discovered:
D:1:      saegor_arrival_miasma, layout_basic, basic_ecumenical_altar,
          minmay_misc_feat_secret_circle, minmay_misc_feat_diagonals
D:2:      layout_basic, grunt_decor_mini_mirrors
D:3:      layout_loops_cross, mainiacjoe_overflow_brackets, serial_shops,
          nicolae_lakefront_shop
D:4:      layout_rooms, minmay_temple_entry_large_hall, uniq_edmund

Skill      XL: |  1  2 |
---------------+-------+-----
Dodging        | 1 |  1.4
Polearms       | 2 |  2.4
Armour         | 2 |  2.5
Invocations    | 3 |  3.6
Fighting       | |  3.6
Conjurations   | |  0.8

Action                   |  1- 3 |  4- 6 || total
-------------------------+-------+-------++-------
Melee: Spear             |   119 |    68 ||   187
       Punch             |     2 |       ||     2
Throw: Dart              |     4 |    14 ||    18
Invok: Depart the Abyss  |     1 |       ||     1
  Use: Scroll            |       |     4 ||     4
       Potion            |       |     1 ||     1
 Stab: Sleeping          |       |     1 ||     1
Armor: Leather armour    |    26 |    16 ||    42
Dodge: Dodged            |    56 |    25 ||    81
Block: Tower shield      |       |    27 ||    27
